 Dungeon Sprint DCSS version 0.31-a0-675-g238779eb0a (webtiles) character file.

Game seed: 70704095327240828

1 sircluck the Ruffian (level 1, -7/33 HPs)
             Began as a Troll Berserker on Sept 5, 2023.
             Was a Follower of Trog.
             Mangled by an unseen horror (10 damage)
             ... in the Dungeon (Sprint VII: "The Pits").
             The game lasted 00:00:14 (74 turns).

sircluck the Ruffian (Troll Berserker)                Turns: 74, Time: 00:00:14

Health: -7/33      AC:  4    Str: 24    XL:     1   Next: 16%
Magic:  0/0        EV: 10    Int:  3    God:    Trog [*.....]
Gold:   0          SH:  0    Dex:  9    Spells: 0/0 levels left

rFire   . .          .
                       - Unarmed
rCold   . . .        (no shield)
rNeg    . . .        a - +0 animal skin
rPois   .            (helmet restricted)
rElec   .            (no cloak)
rCorr   .            (gloves unavailable)
SInv    .            (boots unavailable)
Will    .....        (no amulet) Stlth
                     (no ring)
HPRegen 1.05/turn    (no ring)
MPRegen 0.07/turn

%: no teleportation
@: berserking, very quick
A: large, unfitting armour, claws 3, regeneration 1, shaggy fur 1, tough skin 1
a: Renounce Religion, Berserk


You were in the Dungeon.
You worshipped Trog.
Trog was aware of your devotion.
You visited 1 branch

Inventory:

Armour
 a - a +0 animal skin (worn)
Scrolls
 g - a scroll of blinking
Potions
 b - a potion of curing
 c - a potion of heal wounds
 d - a potion of haste
 e - 2 potions of magic
 f - a potion of berserk rage


   Skills:
 + Level 2.6 Fighting
 + Level 2.6 Dodging
 + Level 3.2 Unarmed Combat


You couldn't memorise any spells.
You didn't know any spells.
Your spell library was empty.

Dungeon Overview and Level Annotations

Branches:
Dungeon (1/1)

Altars:


Innate Abilities, Weirdness & Mutations

You are too large for most types of armour.
You have claws for hands.
Your natural rate of healing is unusually fast.
You are covered in fur. (AC +1)
You have tough skin. (AC +1)


Message History

There is a huge open gate to the Grid Vault (Hard) here.
You open the huge gate.
There is a huge open gate to the Main Hall (Safe) here.
There is a huge open gate to the Grid Vault (Hard) here.
As you open the huge gate, it creaks loudly!
An orc priest, 2 wargs and a stone giant come into view.
The warg howls! x2; The stone giant shouts!
You hear a shout! x2
An orc warrior comes into view. It is wielding a +0 hand axe.
Something unseen opens the large door.
The stone giant throws a large rock.
The large rock completely misses you.
An ogre comes into view. It is wielding a +0 giant club.
Unknown command.
You close the huge gate.
You open the huge gate.
A hobgoblin comes into view.
A black mamba comes into view.
A stone giant opens the huge gate.
There is a huge open gate leading to the Armoury (Hard) here.
There is a huge open gate to the Main Hall (Safe) here.
There's a thick-headed creature in the gateway!
You claw the hobgoblin!
You kill the hobgoblin!
Trog accepts your kill.
A red film seems to cover your vision as you go berserk!
You feel yourself moving faster!
You feel mighty! The black mamba bites you. The warg bites you!
The black mamba barely misses you.
You scratch the black mamba.
The black mamba is lightly wounded.
Something hits you!
* * * LOW HITPOINT WARNING * * *
Deactivating autopickup; reactivate with Ctrl-A.
The black mamba bites you.
* * * LOW HITPOINT WARNING * * *
The orc priest looks braver for a moment.
The warg barely misses you. The warg bites you.
* * * LOW HITPOINT WARNING * * *
You barely miss the black mamba.
The black mamba is lightly wounded.
Something hits you!
You die...

#..........#
#######..#....#..#
.....''..........# .
.....''..........# ###''
###..##..#....#..##...O.
#..##..........Co.....
#..##..........''.o..o
#..####++####hh#######
#..# #'@# #..#
#.S....... ###..#
#......... .....#
#..####### .....# #..#
###### #..# ## #..# .#
#..# .#


You could see a stone giant, a black mamba, 2 wargs and an orc priest.

Vanquished Creatures
  A hobgoblin (D)
1 creature vanquished.

Notes
Turn   | Place    | Note
-------+----------+-------------------------------------------
     0 | D        | sircluck the Troll Berserker began the quest for the Orb.
     0 | D        | Reached XP level 1. HP: 22/22 MP: 0/0
    65 | D        | Noticed a warg
    65 | D        | Noticed an orc priest
    65 | D        | Noticed a warg
    65 | D        | Noticed a stone giant
    65 | D        | Noticed an orc warrior
    65 | D        | Noticed an ogre
    69 | D        | Noticed a black mamba
    74 | D        | Mangled by an unseen horror

Illustrated notes

Levels and vault maps discovered:
D:        pitsprint [storerooms_1, entrance_room_1, metal_vault_5, armoury_3,
          mini_pit_1, grid_room_1, main_hall_1, silver_pit, the_coven_1,
          the_vestibule_1, steel_vault_4, golden_pit, hallway_of_sentries,
          crystal_vault_3, iron_vault_1, final_vault]

Action                     || total
---------------------------++-------
  Melee: Unarmed           ||     3
 Invoke: Berserk           ||     1
 Armour: Animal skin       ||     6
  Dodge: Dodged            ||     3

Table legend: (Time is in decaauts)
 A = Elapsed time spent in this place.
 B = Non-inter-level travel time spent in this place.
 C = Inter-level travel time spent in this place.
 D = Time resting spent in this place.
 E = Time spent auto-exploring this place.
 F = Levels seen in this place.
 G = Mean time per level.
                   A        B        C        D        E       F      G
               +--------+--------+--------+--------+--------+-----+--------+
         Total |     73 |     73 |      0 |      0 |      0 |   1 |   73.0 |
       Dungeon |     73 |     73 |      0 |      0 |      0 |   1 |   73.0 |
               +--------+--------+--------+--------+--------+-----+--------+

Top non-repeatable levels by time:
       D: 73 daAuts
